 Dungeon Crawl Stone Soup version 0.24-a0-479-g9a978d2 (webtiles) character file.

Game seed: 14264513361391223467

706361 relicbr the Conqueror (level 27, -3/273 HPs)
             Began as a Minotaur Fighter on July 7, 2019.
             Was the Champion of the Shining One.
             Slain by an ettin zombie (17 damage)
             ... on level 3 of the Iron City of Dis.
             The game lasted 04:38:30 (67675 turns).

relicbr the Conqueror (Minotaur Fighter)           Turns: 67675, Time: 04:38:30

Health: -3/273     AC: 43    Str: 29      XL:     27
Magic:  20/30      EV: 27    Int: 16 (18) God:    the Shining One [******]
Gold:   2020       SH: 41    Dex: 27      Spells: 26/26 levels left

rFire    + + +     SeeInvis +   D - +9 sacred scourge (holy)
rCold    + + .     Gourm    .   C - +13 large shield of the Pink Corner {Dex+4}
rNeg     + + +     Faith    .   e - +4 gold dragon scales
rPois    +         Spirit   .   k - +2 hat {MR+}
rElec    +         Reflect  .   q - +4 dragonskin cloak
rCorr    .         Harm     .   l - +1 pair of gloves {Str+3}
MR       ++++.                  g - +0 pair of boots of the Distant Future {MR+ Int+4}
Stlth    ..........             H - amulet of Qohee {rF+ Regen+}
HPRegen  0.95/turn              u - ring "Guopt" {rC+ Int+5 Dex+2 Slay+3}
MPRegen  0.22/turn              y - ring "Umykou" {rElec rF+ Str+3 Int+4}

@: very slightly contaminated, glowing
A: retaliatory headbutt, horns 2, thin skeletal structure 1, see invisible,
mutation resistance 1, sense surroundings 1, weak 1
}: 4/15 runes: barnacled, slimy, silver, gossamer
a: Divine Shield, Cleansing Flame, Summon Divine Warrior, Renounce Religion


You were on level 3 of the Iron City of Dis.
You worshipped the Shining One.
The Shining One was exalted by your worship.
You were not hungry.

You visited 14 branches of the dungeon, and saw 61 of its levels.
You visited 1 bazaar.
You also visited: Ice Cave.

You collected 9423 gold pieces.
You spent 7403 gold pieces at shops.

Inventory:

Hand Weapons
 b - a +0 flail
 D - a +9 sacred scourge of holy wrath (weapon)
Armour
 e - +4 gold dragon scales (worn)
 g - the +0 pair of boots of the Distant Future (worn) {MR+ Int+4}
   (Okawaru gifted it to you on level 2 of the Depths)

   It affects your intelligence (+4).
   It affects your resistance to hostile enchantments.
 k - a +2 hat of magic resistance (worn)
 l - a +1 pair of gloves of strength (worn)
 q - the +4 dragonskin cloak (worn)
   (You took it off Tiamat on level 1 of the Realm of Zot)
 A - a +0 pair of boots of running
 C - the +13 large shield of the Pink Corner (worn) {Dex+4}
   (You bought it in a shop on level 2 of the Orcish Mines)

   It affects your dexterity (+4).
 P - a scarf of repulsion
Jewellery
 n - an uncursed ring of resist corrosion
 u - the ring "Guopt" (left hand) {rC+ Int+5 Dex+2 Slay+3}
   (You found it on level 3 of the Elven Halls)

   [ring of protection from cold]

   It affects your intelligence (+5).
   It affects your dexterity (+2).
   It affects your accuracy and damage with ranged weapons and melee attacks
   (+3).
   It protects you from cold.
 y - the ring "Umykou" (right hand) {rElec rF+ Str+3 Int+4}
   (You found it on level 3 of the Spider Nest)

   [ring of intelligence]

   It affects your strength (+3).
   It affects your intelligence (+4).
   It protects you from fire.
   It insulates you from electricity.
 H - the amulet of Qohee (around neck) {rF+ Regen+}
   (You found it on level 13 of the Dungeon)

   [amulet of regeneration]

   It protects you from fire.
   It increases your rate of regeneration.
 X - an uncursed ring of flight
Wands
 j - a wand of digging (30)
 m - a wand of scattershot (2)
 p - a wand of paralysis (18)
 v - a wand of acid (11)
Scrolls
 d - 15 scrolls of teleportation
 h - 11 scrolls of fear
 o - 31 scrolls of remove curse
 w - a scroll of blinking
 z - 9 scrolls of magic mapping
Potions
 i - 18 potions of curing
 r - 5 potions of might
 s - 10 potions of agility
 x - 4 potions of resistance
 E - 9 potions of heal wounds
 N - 3 potions of haste
Miscellaneous
 a - the horn of Geryon
Comestibles
 f - 66 rations


   Skills:
 O Level 27 Fighting
 - Level 20.6 Maces & Flails
   Level 8.4 Crossbows
 - Level 25.3 Armour
 * Level 24.7 Dodging
 - Level 25.0 Shields
 - Level 11.1 Invocations
 - Level 10.3 Evocations


You had 26 spell levels left.
You didn't know any spells.
Your spell library contained the following spells:

 Spells                   Type           Power        Failure   Level  Hunger
 Animate Skeleton         Necr           N/A          85%         1    ##.....
 Apportation              Tloc           #.....       85%         1    ##.....
 Beastly Appendage        Tmut           #.....       85%         1    ##.....
 Confusing Touch          Hex            #.....       85%         1    ##.....
 Corona                   Hex            #......      85%         1    ##.....
 Flame Tongue             Conj/Fire      #....        85%         1    ##.....
 Pain                     Necr           #...         85%         1    ##.....
 Sandblast                Erth           #.....       85%         1    ##.....
 Shock                    Conj/Air       #...         85%         1    ##.....
 Sting                    Conj/Pois      #...         85%         1    ##.....
 Summon Butterflies       Summ           #.......     85%         1    ##.....
 Summon Small Mammal      Summ           #...         85%         1    ##.....
 Call Imp                 Summ           #.......     94%         2    ###....
 Ensorcelled Hibernation  Hex/Ice        #.....       94%         2    ###....
 Passwall                 Tmut/Erth      #.......     94%         2    ###....
 Poisonous Vapours        Pois/Air       #.....       94%         2    ###....
 Slow                     Hex            #.......     94%         2    ###....
 Sticks to Snakes         Tmut           #.......     94%         2    ###....
 Swiftness                Chrm/Air       #.......     94%         2    ###....
 Throw Flame              Conj/Fire      #.....       94%         2    ###....
 Call Canine Familiar     Summ           #.......     99%         3    ####...
 Conjure Flame            Conj/Fire      #.......     99%         3    ####...
 Ignite Poison            Fire/Tmut/Pois #.......     99%         3    ####...
 Inner Flame              Hex/Fire       #.......     99%         3    ####...
 Lesser Beckoning         Tloc           #.........   99%         3    ####...
 Mephitic Cloud           Conj/Pois/Air  #.......     99%         3    ####...
 Portal Projectile        Hex/Tloc       #.....       99%         3    ####...
 Regeneration             Chrm/Necr      #.........   99%         3    ####...
 Spider Form              Tmut/Pois      #.........   99%         3    ####...
 Static Discharge         Conj/Air       #.......     99%         3    ####...
 Stone Arrow              Conj/Erth      #.....       99%         3    ####...
 Summon Guardian Golem    Hex/Summ       #.......     99%         3    ####...
 Tukima's Dance           Hex            #.......     99%         3    ####...
 Vampiric Draining        Necr           #.........   99%         3    ####...
 Airstrike                Air            #.........   100%        4    #####..
 Animate Dead             Necr           N/A          100%        4    #####..
 Cause Fear               Hex            #.........   100%        4    #####..
 Ice Form                 Ice/Tmut       #.......     100%        4    #####..
 Leda's Liquefaction      Hex/Erth       #.........   100%        4    #####..
 Olgreb's Toxic Radiance  Pois           #.......     100%        4    #####..
 Passage of Golubria      Tloc           N/A          100%        4    #####..
 Petrify                  Tmut/Erth      #.......     100%        4    #####..
 Sticky Flame             Conj/Fire      #.......     100%        4    #####..
 Summon Ice Beast         Ice/Summ       #.......     100%        4    #####..
 Summon Lightning Spire   Summ/Air       #.......     100%        4    #####..
 Alistair's Intoxication  Tmut/Pois      #.......     100%        5    ######.
 Blade Hands              Tmut           #.........   100%        5    ######.
 Bolt of Magma            Conj/Fire/Erth #.........   100%        5    ######.
 Borgnjor's Vile Clutch   Necr/Erth      #.........   100%        5    ######.
 Fireball                 Conj/Fire      #.........   100%        5    ######.
 Iskenderun's Battlesphe  Conj/Chrm      #.......     100%        5    ######.
 Lee's Rapid Deconstruct  Erth           #.........   100%        5    ######.
 Lightning Bolt           Conj/Air       #.........   100%        5    ######.
 Metabolic Englaciation   Hex/Ice        #.........   100%        5    ######.
 Silence                  Hex/Air        #.........   100%        5    ######.
 Summon Mana Viper        Hex/Summ       #.......     100%        5    ######.
 Venom Bolt               Conj/Pois      #.........   100%        5    ######.
 Bolt of Cold             Conj/Ice       #.........   100%        6    #######
 Bolt of Fire             Conj/Fire      #.........   100%        6    #######
 Conjure Ball Lightning   Conj/Air       #.........   100%        6    #######
 Darkness                 Hex            #.........   100%        6    #######
 Deflect Missiles         Chrm/Air       #.........   100%        6    #######
 Freezing Cloud           Conj/Ice/Air   #.........   100%        6    #######
 Invisibility             Hex            #.......     100%        6    #######
 Iron Shot                Conj/Erth      #.........   100%        6    #######
 Ozocubu's Refrigeration  Ice            #.........   100%        6    #######
 Simulacrum               Ice/Necr       #.........   100%        6    #######
 Statue Form              Tmut/Erth      #........    100%        6    #######
 Haunt                    Necr/Summ      #.........   100%        7    #######
 Malign Gateway           Summ/Tloc      #.........   100%        7    #######
 Monstrous Menagerie      Summ           #.........   100%        7    #######
 Orb of Destruction       Conj           #.........   100%        7    #######
 Ring of Flames           Chrm/Fire      #.........   100%        7    #######
 Spellforged Servitor     Conj/Summ      #.........   100%        7    #######
 Summon Greater Demon     Summ           #.........   100%        7    #######
 Summon Hydra             Summ           #.........   100%        7    #######
 Borgnjor's Revivificati  Necr           #.........   100%        8    #######
 Death's Door             Chrm/Necr      #.........   100%        8    #######
 Discord                  Hex            #.........   100%        8    #######
 Ignition                 Fire           #.........   100%        8    #######
 Infestation              Necr           #.........   100%        8    #######
 Necromutation            Tmut/Necr      #.........   100%        8    #######
 Summon Horrible Things   Summ           #.........   100%        8    #######
 Shatter                  Erth           #.........   100%        9    #######
 Tornado                  Air            #.........   100%        9    #######


Dungeon Overview and Level Annotations

Branches:
Dungeon (15/15)            Temple (1/1) D:6            Lair (6/6) D:11
 Shoals (4/4) Lair:2       Spider (4/4) Lair:4        Slime (5/5) Lair:6
    Orc (2/2) D:9             Elf (3/3) Orc:2        Vaults (5/5) D:14
  Crypt (3/3) Vaults:2       Tomb (0/3) Crypt:3      Depths (5/5) D:15
   Hell (1/1)                 Dis (3/7) Hell            Geh (0/7) Hell
    Coc (0/7) Hell            Tar (0/7) Hell            Zot (4/5) Depths:5

Altars:
Ashenzari
Cheibriados
Dithmenos
Elyvilon
Fedhas
Gozag
Hepliaklqana
Kikubaaqudgha
Makhleb
Nemelex Xobeh
Okawaru
Qazlal
Ru
Sif Muna
Trog
Uskayaw
Vehumet
Wu Jian
Xom
Yredelemnul
Zin
The Shining One
Beogh
Jiyva
Lugonu

Shops:
D:8 !   D:14 }   Orc:2 %[(?   Elf:1 *   Vaults:2 :   Vaults:3 (}*   Vaults:4 [
Vaults:5 *   Depths:1 *=}=

Portals:
Hell: Depths:1 Depths:2 Depths:3 Depths:4 Depths:5
Abyss: Depths:1 Depths:4 Depths:5
Pandemonium: Depths:1 Depths:3
Ziggurat: Depths:3
Trove: Depths:5 (give +5 fire dragon scales)

Annotations:
Lair:4 Sonja
Shoals:2 3 runed translucent doors, strifetoe's ghost, adept OpWz


Innate Abilities, Weirdness & Mutations

You reflexively headbutt those who attack you in melee.
You have a pair of horns on your head.
You have a somewhat thin skeletal structure. (Dex +2, Stealth)
You have supernaturally acute eyesight. (SInv)
You are somewhat resistant to further mutation.
You passively map a small area around you.
You are weak. (Str -2)


Message History

The Shining One accepts your kill.
Your daeva is no longer moving slowly.
You block the ettin zombie's attack. x2
The tormentor calls on the powers of darkness!
The iron giant convulses!
Your daeva convulses!
Your body is wracked with pain!
* * * LOW HITPOINT WARNING * * *
You block the skeletal warrior's attack.
You feel much better.
Your daeva blocks something's attack.
Your daeva calls down the wrath of the Shining One upon the tormentor.
The tormentor is smitten.
The tormentor calls on the powers of darkness!
Your daeva convulses!
The iron giant convulses!
Your body is wracked with pain!
* * * LOW HITPOINT WARNING * * *
The reaper hits you from afar with a +3 scythe of slicing!
* * * LOW HITPOINT WARNING * * *
x2 The ettin zombie hits you!
You die...

###########
##.........##
##......Z....##
#...#..@..#...#
...##.zCW.##..#
.....5z42.....#
......Z42z55..#
...4.5282>....#
.....Zz42......
**
.....W.∩2......
,
...##.A..M##...
#...#.Z...#2...


You could see an iron giant, 3 reapers, 4 skeletal warriors, 2 ice devils, 2
rust devils, 3 tormentors, a wraith, a shadow, a mummy, 4 iron imps, a golden
dragon zombie, an ettin zombie, a stone giant zombie and a friendly daeva.

Vanquished Creatures
  the Royal Jelly (Slime:5)
  Dissolution (Slime:5)
  Tiamat (Zot:1)
  Mara (Vaults:5)
  Mennas (Vaults:5)
  4 juggernauts
  4 ancient liches (Crypt:3)
  Sojobo (Depths:4)
  Saint Roka (Vaults:1)
  Margery (Crypt:2)
  A Killer Klown (Zot:4)
  A curse toe (Zot:4)
  A caustic shrike (Depths:3)
  Nikola (Shoals:1)
  A golden dragon (Zot:4)
  Geryon (Hell)
  the Enchantress (Depths:4)
  Jory (Crypt:2)
  3 electric golems
  The ghost of brasw1bg the Brawler, an adept OgTm of Yredelemnul (Elf:3)
  Arachne (Spider:4)
  2 bone dragons (Dis:2)
  A hellephant (Hell)
  21 tentacled monstrosities
  An iron giant (Dis:3)
  5 liches
  Jorgrun (D:14)
  Asterion (Depths:2)
  7 deep elf blademasters
  Rupert (Lair:3)
  5 quicksilver dragons
  6 titans
  4 deep elf master archers
  24 acid blobs
  Gastronok (Lair:2)
  12 death cobs
  2 krakens (Shoals:4)
  6 sphinxes
  Agnes (Elf:1)
  3 ancient champions
  Kirke (D:15)
  17 storm dragons
  6 tengu reavers
  7 shadow dragons
  7 draconian monks
  12 azure jellies
  A revenant (Crypt:1)
  The ghost of Upehit the Fighter, a journeyman DrVM of Vehumet (Spider:3)
  5 draconian knights
  17 fire giants
  Ilsuiw (Shoals:4)
  18 vault wardens
  Aizul (Elf:1)
  8 emperor scorpions
  5 deep elf sorcerers
  A ghost moth (shapeshifter) (Depths:2)
  A balrug (Depths:4)
  19 frost giants
  5 draconian scorchers
  8 ghouls (Crypt:1)
  4 ghost moths
  6 deep elf elementalists (Elf:3)
  5 spriggan defenders
  19 very ugly things
  A curse skull (Crypt:3)
  The ghost of relicbr the Spear-Bearer, a journeyman MiFi of Okawaru (Lair:6)
  3 draconian annihilators
  8 war gargoyles
  10 ironheart preservers
  7 draconian stormcallers
  4 vampire knights
  6 draconian shifters
  The ghost of Noren the Destroyer, a journeyman DrCj of Vehumet (Shoals:1)
  12 reapers
  31 stone giants
  An entropy weaver (Vaults:3)
  Nessos (Lair:5)
  5 deep elf demonologists
  18 yellow draconians
  7 deep elf annihilators
  12 black draconians
  13 purple draconians
  13 green draconians
  Azrael (D:13)
  18 white draconians
  14 ettins
  8 merfolk javelineers
  3 eidola
  Snorg (D:14)
  14 red draconians
  4 spark wasps
  10 fire dragons
  6 death oozes (Slime:5)
  7 merfolk impalers
  A crystal guardian (Vaults:3)
  4 deep elf death magi
  10 great orbs of eyes
  8 jiangshi
  Fannar (Lair:3)
  6 deep elf high priests
  6 rakshasas
  36 vault guards
  4 catoblepae
  3 spriggan air magi
  24 yaktaur captains
  12 ice dragons
  13 hydras
  A merfolk avatar (Lair:6)
  3 alligator snapping turtles (Shoals:4)
  A two-headed ogre (shapeshifter) (Vaults:5)
  44 two-headed ogres
  21 dancing weapons
  An alligator (shapeshifter) (Vaults:2)
  2 centaur warriors
  5 merfolk aquamancers
  5 death knights
  16 ogre magi
  2 satyrs (Shoals:3)
  11 tengu warriors
  10 deep troll shamans
  8 vampire magi
  4 deep troll earth magi
  A titan zombie (Hell)
  3 soul eaters (Hell)
  6 orc high priests (Orc:2)
  6 spriggan berserkers
  28 hell knights
  26 deep elf knights
  A storm dragon zombie (Crypt:2)
  An iron golem (Hell)
  3 small abominations (Vaults:5)
  10 iron trolls
  4 shadow wraiths
  7 sun demons
  3 spriggans
  45 skeletal warriors
  A spark wasp zombie (Depths:2)
  A storm dragon skeleton (Crypt:2)
  11 wizards
  25 deep trolls
  10 sea snakes
  2 glowing orange brains
  14 flayed ghosts
  2 golden dragon zombies
  14 deep elf archers
  3 golden dragon skeletons
  6 unseen horrors
  17 phantasmal warriors
  12 necromancers
  An anaconda skeleton (Crypt:1)
  77 deep elf magi
  A wolf spider zombie (D:11)
  15 orc knights
  21 harpies
  12 ironbrand convokers
  A shadow dragon zombie (Depths:4)
  2 large abominations (Elf:3)
  18 orb spiders
  21 wolf spiders
  25 ugly things
  A faun (shapeshifter) (Vaults:4)
  2 frost giant zombies
  24 cyclopes
  A tengu skeleton (Depths:4)
  A wolf spider (shapeshifter) (Vaults:5)
  An iron dragon zombie (Dis:2)
  9 shining eyes
  16 manticores
  10 fauns
  138 slime creatures
  2 salamanders (shapeshifter) (Vaults:3)
  2 fire giant skeletons
  An iron dragon skeleton (Hell)
  16 elephants
  15 vault sentinels
  2 centaur zombies (D:15)
  14 merfolk sirens
  3 eyes of devastation
  20 moths of wrath
  A shock serpent zombie (Crypt:3)
  4 frost giant skeletons
  A human skeleton (Vaults:4)
  7 black mambas
  Psyche (D:8)
  7 smoke demons
  5 torpor snails
  7 rust devils
  2 ice statues (IceCv)
  A molten gargoyle (Hell)
  12 spiny frogs
  2 dire elephant skeletons (Crypt:2)
  10 water nymphs
  5 spectral swamp worms (Depths:5)
  5 gargoyles
  A hellion (Dis:3)
  4 rime drakes (Lair:6)
  A komodo dragon (shapeshifter) (D:13)
  3 tormentors
  8 komodo dragons
  A white draconian skeleton (Crypt:1)
  17 ice devils
  An anaconda simulacrum (Hell)
  A rime drake (shapeshifter) (Depths:1)
  13 freezing wraiths
  62 yaktaurs
  14 demonic crawlers
  An elf skeleton (Depths:4)
  3 hydra zombies (Hell)
  2 meliai (shapeshifter)
  A queen bee (Spider:3)
  A queen bee (shapeshifter) (Depths:3)
  41 merfolk
  6 red devils
  7 tengu conjurers
  16 hornets
  3 meliai (Spider:3)
  4 polar bears
  39 jumping spiders
  Prince Ribbit (D:5)
  10 tyrant leeches (Spider:2)
  2 wind drakes
  9 trolls
  2 hornets (shapeshifter)
  7 blink frogs
  6 dream sheep
  10 hippogriffs
  8 snapping turtles
  An ice dragon zombie (Dis:1)
  A snapping turtle (shapeshifter) (Vaults:5)
  A death drake skeleton (Crypt:1)
  A guardian serpent zombie (Crypt:2)
  A hippogriff (shapeshifter) (Elf:2)
  A frost giant simulacrum (Crypt:2)
  An ettin zombie (Crypt:2)
  7 vampires
  Sigmund (D:5)
  4 air elementals
  A black mamba zombie (Crypt:3)
  27 tarantellas
  83 redbacks
  44 water elementals
  56 yaks
  9 shadows
  5 wyverns
  6 basilisks
  10 wraiths
  4 hungry ghosts
  11 fire elementals
  3 hogs (D:15)
  8 golden eyes
  6 vampire mosquitoes
  Eustachio (D:4)
  Edmund (D:4)
  13 wargs
  Menkaure (D:5)
  5 swamp worms (Spider:2)
  4 acid dragons
  Duvessa (D:6)
  19 hell hounds
  A soldier ant (D:13)
  13 water moccasins
  A floating eye (Depths:3)
  5 porcupines
  A water nymph skeleton (Crypt:1)
  A deep troll skeleton (Crypt:1)
  2 spiny frog zombies (Hell)
  8 phantoms
  A faun skeleton (Crypt:1)
  52 orc warriors
  An ettin simulacrum (Vaults:3)
  2 sky beasts
  2 black bears
  A black bear (shapeshifter) (Vaults:2)
  2 ice beasts
  3 necrophages
  9 boggarts
  An eye of draining (D:10)
  13 centaurs
  44 ogres
  9 wolves
  2 swamp dragon skeletons (Crypt:3)
  6 crocodiles
  An octopode zombie (Crypt:2)
  4 big kobolds
  22 bullfrogs
  2 earth elementals
  Dowan (D:6)
  A water moccasin zombie (D:10)
  A water moccasin skeleton (Crypt:1)
  A wyvern skeleton (D:9)
  A hornet simulacrum (Vaults:1)
  2 scorpions
  11 killer bees (Spider:3)
  A vampire bat (Lair:5)
  9 wights
  A troll skeleton (Crypt:1)
  A howler monkey (D:10)
  11 electric eels
  9 crimson imps
  A bullfrog zombie (D:10)
  3 hounds
  5 iron imps
  8 centaur skeletons
  11 jellies
  Crazy Yiuf (D:3)
  6 bullfrog skeletons
  25 orc priests
  24 orc wizards
  An iguana (D:7)
  10 worker ants
  11 hell rats (Hell)
  2 killer bee zombies
  2 ogre zombies
  2 hound zombies
  An ogre skeleton (Hell)
  2 hound skeletons
  Robin (D:2)
  12 adders
  2 river rats (Lair:3)
  8 shadow imps
  9 white imps (IceCv)
  8 ufetubi (IceCv)
  2 adder zombies
  A worm (shapeshifter) (Vaults:1)
  2 worms (D:2)
  A dart slug (D:5)
  6 leopard geckos
  121 orcs
  3 ball pythons
  15 bats
  5 giant cockroaches
  20 goblins
  9 hobgoblins
  11 jackals
  8 quokkas
  3 frilled lizards
  A frilled lizard skeleton (Crypt:2)
  A jackal skeleton (D:5)
  43 kobolds
  A leopard gecko skeleton (D:7)
  A quokka skeleton (D:6)
  9 rats
  2 crawling corpses (Elf:3)
  6 plants
  5 tentacles (Shoals:4)
2946 creatures vanquished.

Vanquished Creatures (collateral kills)
  A rust devil (Dis:3)
  An alligator skeleton (Hell)
  A wraith (Dis:3)
  2 hell rats (Hell)
5 creatures vanquished.

Vanquished Creatures (others)
  A merfolk aquamancer (Shoals:3)
  A dancing weapon (Elf:2)
  A deep troll shaman (Depths:1)
  A vampire mage (Depths:4)
  2 deep elf knights
  A skeletal warrior (Hell)
  A deep elf archer (Vaults:1)
  3 boggarts (Depths:4)
  An ogre (Vaults:1)
  2 white imps (IceCv)
  2 ufetubi (IceCv)
  2 crawling corpses
  16 fungi
  21 plants
  14 tentacles (Shoals:4)
  5 toadstools (Lair:5)
74 creatures vanquished.

Grand Total: 3025 creatures vanquished

Notes
Turn   | Place    | Note
-------+----------+-------------------------------------------
     0 | D:1      | relicbr the Minotaur Fighter began the quest for the Orb.
     0 | D:1      | Reached XP level 1. HP: 19/19 MP: 0/0
   263 | D:1      | Reached XP level 2. HP: 26/26 MP: 1/1
   575 | D:2      | Reached XP level 3. HP: 31/31 MP: 2/2
   597 | D:2      | Noticed Robin
   605 | D:2      | Killed Robin
   607 | D:2      | Reached skill level 5 in Maces & Flails
   828 | D:2      | Reached XP level 4. HP: 39/39 MP: 3/3
  1561 | D:3      | Reached XP level 5. HP: 45/45 MP: 4/4
  1676 | D:3      | Found an opulent altar of Gozag.
  2209 | D:3      | Found a runed translucent door.
  2210 | D:3      | Noticed Crazy Yiuf
  2216 | D:3      | Killed Crazy Yiuf
  2267 | D:4      | Noticed Edmund
  2275 | D:4      | Killed Edmund
  2275 | D:4      | Reached XP level 6. HP: 47/51 MP: 5/5
  2329 | D:4      | Found a blossoming altar of Fedhas.
  2501 | D:4      | Noticed Eustachio
  2510 | D:4      | Killed Eustachio
  2510 | D:4      | Reached XP level 7. HP: 40/57 MP: 6/6
  2737 | D:4      | Got a transparent whip
  2900 | D:4      | Identified the cursed +2 whip of Rann {protect, rF+ Dex+6
                  | SInv} (You found it on level 4 of the Dungeon)
  3164 | D:5      | Entered Level 5 of the Dungeon
  3223 | D:5      | Reached skill level 10 in Maces & Flails
  3299 | D:5      | Noticed Prince Ribbit
  3301 | D:5      | Noticed Menkaure
  3350 | D:6      | Reached XP level 8. HP: 10/64 MP: 7/7
  3670 | D:6      | Found a sacrificial altar of Ru.
  3833 | D:6      | Found a staircase to the Ecumenical Temple.
  3849 | D:6      | Reached skill level 4 in Fighting
  3901 | Temple   | Entered the Ecumenical Temple
  3942 | Temple   | Became a worshipper of Warmaster Okawaru
  4247 | D:6      | Reached skill level 5 in Fighting
  4308 | D:6      | Reached skill level 6 in Fighting
  4349 | D:6      | Noticed Dowan
  4350 | D:6      | Noticed Duvessa
  4372 | D:6      | Killed Duvessa
  4373 | D:6      | Killed Dowan
  4373 | D:6      | Reached * piety under Okawaru
  4373 | D:6      | Reached skill level 7 in Fighting
  4518 | D:5      | Reached skill level 8 in Fighting
  4518 | D:5      | Reached XP level 9. HP: 67/81 MP: 8/8
  4528 | D:5      | Killed Prince Ribbit
  4550 | D:5      | Noticed Sigmund
  4556 | D:5      | Killed Sigmund
  4556 | D:5      | Reached skill level 9 in Fighting
  4675 | D:5      | Killed Menkaure
  4677 | D:5      | Found a snail-covered altar of Cheibriados.
  5146 | D:7      | Reached skill level 10 in Fighting
  5231 | D:7      | Reached ** piety under Okawaru
  5307 | D:7      | Reached skill level 5 in Armour
  6186 | D:8      | Found a shimmering altar of Xom.
  6223 | D:8      | Found Sautuud's Distillery.
  6348 | D:8      | Reached XP level 10. HP: 93/93 MP: 6/9
  6354 | D:8      | Reached *** piety under Okawaru
  6354 | D:8      | Noticed Psyche
  6552 | D:8      | Reached skill level 10 in Armour
  6562 | D:8      | Killed Psyche
  6723 | D:8      | Bought a potion of might for 56 gold pieces
  6723 | D:8      | Bought a potion of agility for 56 gold pieces
  6790 | D:8      | Reached skill level 1 in Dodging
  6861 | D:8      | Reached **** piety under Okawaru
  6915 | D:8      | Reached skill level 5 in Dodging
  7727 | D:9      | Received a gift from Okawaru
  8193 | D:9      | Found a staircase to the Orcish Mines.
  8212 | D:9      | Noticed a cyclops
  8230 | D:9      | Killed a cyclops
  8230 | D:9      | Reached XP level 11. HP: 76/99 MP: 8/10
  8338 | D:10     | Entered Level 10 of the Dungeon
  9054 | D:10     | Reached ***** piety under Okawaru
  9166 | D:10     | Noticed an unseen horror
  9182 | D:10     | Killed an unseen horror
  9182 | D:10     | Received a gift from Okawaru
  9411 | D:11     | Noticed a cyan ugly thing
  9445 | D:11     | Killed a cyan ugly thing
  9445 | D:11     | Reached skill level 10 in Dodging
 10148 | D:11     | Reached skill level 5 in Shields
 10312 | D:11     | Reached XP level 12. HP: 106/106 MP: 11/11
 10366 | D:11     | Found a staircase to the Lair.
 10727 | D:11     | Noticed a two-headed ogre
 10727 | D:11     | Noticed a two-headed ogre
 10728 | D:11     | Noticed an ogre mage
 10738 | D:11     | Killed a two-headed ogre
 10756 | D:11     | Killed a two-headed ogre
 10776 | D:11     | Killed an ogre mage
 10974 | D:11     | Reached skill level 10 in Shields
 11136 | D:11     | Noticed a stone giant
 11142 | D:11     | Noticed an ettin
 11177 | D:11     | Killed a stone giant
 11178 | D:11     | Noticed an ettin
 11191 | D:11     | Killed an ettin
 11212 | D:11     | Killed an ettin
 11212 | D:11     | Received a gift from Okawaru
 11506 | D:11     | Got an iridescent fustibalus
 11541 | D:11     | Got a polished flail
 11639 | D:11     | Identified the +9 flail "Hempeups" {elec, rN+} (You found
                  | it on level 11 of the Dungeon)
 11714 | Lair:1   | Entered Level 1 of the Lair of Beasts
 12375 | Lair:2   | Reached ****** piety under Okawaru
 12375 | Lair:2   | Reached XP level 13. HP: 111/113 MP: 12/12
 12379 | Lair:2   | Received a gift from Okawaru
 12400 | Lair:2   | Identified a +0 pair of boots of running (Okawaru gifted it
                  | to you on level 2 of the Lair of Beasts)
 12419 | Lair:2   | Noticed Gastronok
 12433 | Lair:2   | Killed Gastronok
 12581 | Lair:2   | Found a staircase to the Shoals.
 13271 | Lair:3   | Noticed Rupert
 13287 | Lair:3   | Killed Rupert
 13655 | Lair:3   | Noticed Fannar
 13677 | Lair:3   | Killed Fannar
 14252 | Lair:4   | Found a hole to the Spider Nest.
 14446 | Lair:4   | Noticed Sonja
 14564 | Lair:4   | Found a stormy altar of Qazlal.
 15176 | Lair:5   | Reached skill level 15 in Shields
 15287 | Lair:5   | Noticed Nessos
 15302 | Lair:5   | Killed Nessos
 15377 | Lair:5   | Received a gift from Okawaru
 15381 | Lair:5   | Reached skill level 5 in Invocations
 15691 | Lair:5   | Found a runed translucent door.
 16498 | Lair:5   | Reached XP level 14. HP: 108/121 MP: 16/18
 16525 | Lair:5   | Got an encrusted ring mail
 16541 | Lair:5   | Identified the +5 ring mail "Ningefin" {MR++} (You found it
                  | on level 5 of the Lair of Beasts)
 16634 | Lair:6   | Entered Level 6 of the Lair of Beasts
 16634 | Lair:6   | Found a staircase to the Slime Pits.
 16636 | Lair:6   | Found a viscous altar of Jiyva.
 17105 | Lair:6   | Found a runed translucent gate.
 17105 | Lair:6   | Found a runed translucent gate.
 17105 | Lair:6   | Found a runed translucent gate.
 17106 | Lair:6   | Noticed relicbr's ghost (journeyman MiFi)
 17136 | Lair:6   | Killed relicbr's ghost
 17563 | Lair:6   | Received a gift from Okawaru
 17581 | Lair:6   | Reached skill level 10 in Invocations
 19034 | Orc:1    | Entered Level 1 of the Orcish Mines
 19467 | Orc:2    | Entered Level 2 of the Orcish Mines
 19584 | Orc:2    | Found a staircase to the Elven Halls.
 19605 | Orc:2    | Found a roughly hewn altar of Beogh.
 19626 | Orc:2    | Reached skill level 11 in Fighting
 20168 | Orc:2    | Reached skill level 12 in Fighting
 20215 | Orc:2    | Gained mutation: You tend to lose your temper in combat. [a
                  | neqoxec]
 20465 | Orc:2    | Reached XP level 15. HP: 134/134 MP: 15/22
 20471 | Orc:2    | Received a gift from Okawaru
 20472 | Orc:2    | Got a pair of faintly glowing gloves {god gift}
 20487 | Orc:2    | Identified the +2 pair of gloves of the Volcano {*Drain
                  | *Slow +Blink Int+9} (Okawaru gifted it to you on level 2 of
                  | the Orcish Mines)
 20550 | Orc:2    | Found a gateway to a bazaar.
 20758 | Orc:2    | Found Nifuapp's Food Shop.
 20761 | Orc:2    | Found Xiwysedo's Weapon Shop.
 20762 | Orc:2    | Found Wiuc Dump's Magic Scroll Shop.
 20763 | Orc:2    | Found Norch's Antique Armour Boutique.
 20766 | Orc:2    | Bought a scroll of enchant armour for 90 gold pieces
 20766 | Orc:2    | Bought a scroll of identify for 24 gold pieces
 20766 | Orc:2    | Bought a scroll of identify for 24 gold pieces
 20766 | Orc:2    | Bought a scroll of identify for 24 gold pieces
 20766 | Orc:2    | Bought a scroll of acquirement for 624 gold pieces
 20769 | Orc:2    | Bought a jewelled large shield for 285 gold pieces
 20769 | Orc:2    | Bought an embroidered cloak for 225 gold pieces
 20769 | Orc:2    | Bought a pair of embroidered gloves for 225 gold pieces
 20769 | Orc:2    | Bought a smoking ring mail for 270 gold pieces
 20787 | Orc:2    | Identified the +13 large shield of the Pink Corner {Dex+4}
                  | (You bought it in a shop on level 2 of the Orcish Mines)
 20839 | Orc:2    | Identified the +5 ring mail of the Ecumenical Temple
                  | {Int+3} (You bought it in a shop on level 2 of the Orcish
                  | Mines)
 20850 | Orc:2    | Got a faintly glowing copper amulet
 20853 | Orc:2    | Identified the amulet "Urachez" {Spirit Int+6} (You
                  | acquired it on level 2 of the Orcish Mines)
 21906 | D:13     | Noticed Azrael
 21922 | D:13     | Killed Azrael
 22710 | D:13     | Found a shadowy altar of Dithmenos.
 22881 | D:13     | Got a vibrating amber ring
 22890 | D:13     | Got a scintillating zirconium amulet
 23265 | D:14     | Found a frozen archway.
 23277 | IceCv    | Entered an ice cave
 23633 | IceCv    | Identified the ring of Riosouwn {Ice +Blink rN+ Int-4} (You
                  | found it on level 13 of the Dungeon)
 23880 | D:14     | Found Huiptuw's Gadget Boutique.
 23938 | D:14     | Received a gift from Okawaru
 23944 | D:14     | Found a shadowy altar of Dithmenos.
 23946 | D:14     | Identified the amulet of Qohee {rF+ Regen+} (You found it
                  | on level 13 of the Dungeon)
 23994 | D:14     | Noticed Snorg
 24002 | D:14     | Killed Snorg
 24189 | D:14     | Noticed Jorgrun
 24199 | D:14     | Killed Jorgrun
 24518 | D:14     | Found a gate to the Vaults.
 24547 | D:15     | Entered Level 15 of the Dungeon
 24793 | D:15     | Found a staircase to the Depths.
 24793 | D:15     | Noticed a fire giant
 24829 | D:15     | Killed a fire giant
 24829 | D:15     | Reached XP level 16. HP: 141/141 MP: 23/23
 25043 | D:15     | Noticed Kirke
 25081 | D:15     | Killed Kirke
 25297 | Depths:1 | Entered Level 1 of the Depths
 25312 | Depths:1 | Found Woisch's Changing Room.
 25335 | Depths:1 | Received a gift from Okawaru
 25351 | Depths:1 | Received a gift from Okawaru
 25733 | Depths:1 | Received a gift from Okawaru
 26120 | Depths:1 | Found a one-way gate leading to the halls of Pandemonium.
 26134 | Depths:1 | Found a sparkling altar of Nemelex Xobeh.
 26211 | Depths:1 | Found a corrupted altar of Lugonu.
 26211 | Depths:1 | Found a one-way gate to the infinite horrors of the Abyss.
 26332 | Depths:1 | Found a gateway to Hell.
 26371 | Depths:1 | Found Joyp Gil's Jewellery Emporium.
 26372 | Depths:1 | Found Olehamnu's Gadget Shop.
 26373 | Depths:1 | Found Bilath's Jewellery Emporium.
 26386 | Depths:1 | Bought the ring "Juaj" {rC+ Int+5} for 807 gold pieces
 26883 | Shoals:1 | Entered Level 1 of the Shoals
 26917 | Shoals:1 | Noticed Nikola
 26933 | Shoals:1 | Killed Nikola
 27000 | Shoals:1 | Received a gift from Okawaru
 27001 | Shoals:1 | Got a crude demon whip {god gift}
 27002 | Shoals:1 | Identified the +12 demon whip of the Traitor {freeze, +Inv
                  | rPois Int+4} (Okawaru gifted it to you on level 1 of the
                  | Shoals)
 27056 | Shoals:1 | Reached XP level 17. HP: 148/148 MP: 24/24
 27128 | Shoals:1 | Got a bound bone ring
 27168 | Shoals:1 | Found a large runed translucent door.
 27168 | Shoals:1 | Found a large runed translucent door.
 27202 | Shoals:1 | Noticed Noren's ghost (journeyman DrCj)
 27223 | Shoals:1 | Killed Noren's ghost
 27246 | Shoals:1 | Identified the ring "Hahuss" {Wiz *Contam rN++ Dex+3} (You
                  | found it on level 1 of the Shoals)
 27689 | Shoals:2 | Found a runed translucent gate.
 27690 | Shoals:2 | Found a runed translucent gate.
 27691 | Shoals:2 | Found a runed translucent gate.
 27693 | Shoals:2 | Noticed strifetoe's ghost (adept OpWz)
 27762 | Shoals:2 | Lost mutation: You tend to lose your temper in combat.
                  | [potion of mutation]
 27762 | Shoals:2 | Gained mutation: You have a pair of large horns on your
                  | head. [potion of mutation]
 27762 | Shoals:2 | Gained mutation: Your mind is acute. (Int +2) [potion of
                  | mutation]
 27762 | Shoals:2 | Gained mutation: You passively map a small area around you.
                  | [potion of mutation]
 28147 | Shoals:3 | Received a gift from Okawaru
 29095 | Shoals:4 | Entered Level 4 of the Shoals
 29142 | Shoals:4 | Noticed a kraken
 29172 | Shoals:4 | Received a gift from Okawaru
 29187 | Shoals:4 | Killed a kraken
 29852 | Shoals:4 | Got a crude gossamer ring
 29943 | Shoals:4 | Got a barnacled rune of Zot
 29986 | Shoals:4 | Noticed Ilsuiw
 30280 | Shoals:4 | Received a gift from Okawaru
 30517 | Shoals:4 | Reached XP level 18. HP: 148/156 MP: 17/25
 30569 | Shoals:4 | Killed Ilsuiw
 30660 | Shoals:4 | Identified the Grimoire of the Carpenter
 30889 | Lair:2   | Identified the ring of Qotua {rN+ rCorr} (You found it on
                  | level 4 of the Shoals)
 30963 | Spider:1 | Entered Level 1 of the Spider Nest
 31140 | Spider:1 | Received a gift from Okawaru
 32680 | Spider:3 | Found a transporter.
 32748 | Spider:3 | Found a transporter.
 32755 | Spider:3 | Noticed Upehit's ghost (journeyman DrVM)
 32775 | Spider:3 | Killed Upehit's ghost
 32789 | Spider:3 | Received a gift from Okawaru
 32808 | Spider:3 | Got a wavering silver ring
 32892 | Spider:3 | Reached skill level 15 in Armour
 33305 | Spider:3 | Identified the ring "Umykou" {rElec rF+ Str+3 Int+4} (You
                  | found it on level 3 of the Spider Nest)
 33339 | Spider:4 | Entered Level 4 of the Spider Nest
 33461 | Spider:4 | Received a gift from Okawaru
 33462 | Spider:4 | Got a spiked shield {god gift}
 33623 | Spider:4 | Reached XP level 19. HP: 162/162 MP: 1/26
 33804 | Spider:3 | Identified the +4 shield of Usmelay {*Drain +Blink MR++
                  | MP+9} (Okawaru gifted it to you on level 4 of the Spider
                  | Nest)
 33828 | Spider:4 | Noticed Arachne
 33855 | Spider:4 | Killed Arachne
 34144 | Spider:4 | Got a gossamer rune of Zot
 34718 | Depths:2 | Received a gift from Okawaru
 34719 | Depths:2 | Got a pair of steaming boots {god gift}
 34730 | Depths:2 | Identified the +0 pair of boots of the Distant Future {MR+
                  | Int+4} (Okawaru gifted it to you on level 2 of the Depths)
 34777 | Depths:2 | Noticed Asterion
 34796 | Depths:2 | Killed Asterion
 35206 | Depths:2 | Identified the Papyrus of Attacks
 36096 | Depths:3 | Received a gift from Okawaru
 36194 | Depths:3 | Noticed a caustic shrike
 36198 | Depths:3 | Noticed a juggernaut
 36205 | Depths:3 | Killed a caustic shrike
 36219 | Depths:3 | Killed a juggernaut
 36233 | Depths:3 | Found the +8 demon blade "Bloodbane" {slice, *Rage +Rage
                  | Stlth-}
 36238 | Depths:3 | Reached XP level 20. HP: 170/170 MP: 22/27
 36243 | Depths:3 | Noticed a juggernaut
 36255 | Depths:3 | Killed a juggernaut
 36276 | Depths:3 | Got a transparent hand crossbow
 36325 | Depths:3 | Received a gift from Okawaru
 36408 | Depths:3 | Found a gateway to a ziggurat.
 36418 | Depths:3 | Got a smelly chain mail
 36467 | Depths:3 | Gained mutation: Your spells are a little easier to cast,
                  | but a little less powerful. [a shining eye]
 36770 | Depths:4 | Noticed Sojobo
 37134 | Depths:4 | Identified the +6 chain mail of Moral Flaws {rCorr Slay+2}
                  | (You found it on level 3 of the Depths)
 37632 | Depths:4 | Killed Sojobo
 37665 | Depths:4 | Identified the +5 faerie dragon scales {rC- rN++ rCorr
                  | Str+2 Stlth+}
 37665 | Depths:4 | Noticed the Enchantress
 37690 | Depths:4 | Received a gift from Okawaru
 37707 | Depths:4 | Killed the Enchantress
 38183 | Depths:5 | Entered Level 5 of the Depths
 38195 | Depths:5 | Noticed a juggernaut
 38212 | Depths:5 | Killed a juggernaut
 38275 | Depths:5 | Reached XP level 21. HP: 177/177 MP: 26/28
 38495 | Depths:5 | Identified the +1 hand crossbow of Lorug {speed, rF+ rC+
                  | rN+} (You found it on level 3 of the Depths)
 38562 | Depths:5 | Found a gate to the Realm of Zot.
 38846 | Depths:5 | Received a gift from Okawaru
 39029 | Depths:5 | Found a portal to a secret trove of treasure.
 39128 | Depths:5 | Noticed a juggernaut
 39143 | Depths:5 | Killed a juggernaut
 39889 | Vaults:1 | Entered Level 1 of the Vaults
 39902 | Vaults:1 | Reached skill level 13 in Fighting
 40114 | Vaults:1 | Reached skill level 14 in Fighting
 40296 | Vaults:1 | Reached skill level 15 in Fighting
 40954 | Vaults:2 | Found Hecuez's Book Boutique.
 41098 | Vaults:2 | Reached skill level 16 in Fighting
 41120 | Vaults:2 | Reached XP level 22. HP: 177/195 MP: 29/29
 41160 | Vaults:2 | Received a gift from Okawaru
 41221 | Vaults:2 | Reached skill level 17 in Fighting
 41310 | Vaults:2 | Found a staircase to the Crypt.
 41310 | Vaults:2 | Found a basalt altar of Yredelemnul.
 41311 | Vaults:2 | Found an ancient bone altar of Kikubaaqudgha.
 42444 | Vaults:1 | Noticed Saint Roka
 42477 | Vaults:1 | Killed Saint Roka
 42695 | Vaults:1 | Reached skill level 18 in Fighting
 42825 | Vaults:3 | Reached skill level 1 in Crossbows
 42915 | Vaults:3 | Got a polished buckler
 42993 | Vaults:3 | Reached skill level 5 in Crossbows
 43031 | Vaults:3 | Found Kaolofon's Antique Weapon Shop.
 43034 | Vaults:3 | Found Enolah Muvu's Gadget Shop.
 43547 | Vaults:3 | Found Sionir's General Store.
 43784 | Vaults:4 | Received a gift from Okawaru
 44177 | Vaults:4 | Reached skill level 15 in Maces & Flails
 44414 | Vaults:4 | Identified the +0 buckler "Lakor" {-Tele rPois MR+ Int+4}
                  | (You found it on level 3 of the Vaults)
 44431 | Vaults:4 | Reached skill level 19 in Fighting
 44439 | Vaults:4 | Received a gift from Okawaru
 44473 | Vaults:4 | Reached XP level 23. HP: 213/213 MP: 30/30
 44679 | Vaults:4 | Found Quned's Armour Shoppe.
 44970 | Vaults:5 | Entered Level 5 of the Vaults
 44983 | Vaults:5 | Received a gift from Okawaru
 45015 | Vaults:5 | Noticed Mara
 45031 | Vaults:5 | Received a gift from Okawaru
 45069 | Vaults:5 | Received a gift from Okawaru
 45077 | Vaults:5 | Noticed Mennas
 45080 | Vaults:5 | Reached skill level 20 in Fighting
 45409 | Vaults:5 | Killed Mennas
 45430 | Vaults:5 | Noticed relicbr's illusion
 45561 | Vaults:5 | Noticed relicbr's illusion
 45571 | Vaults:5 | Reached skill level 21 in Fighting
 45686 | Vaults:5 | Noticed relicbr's illusion
 45700 | Vaults:5 | Received a gift from Okawaru
 45757 | Vaults:5 | Noticed relicbr's illusion
 45801 | Vaults:4 | Received a gift from Okawaru
 45850 | Vaults:5 | Reached XP level 24. HP: 228/228 MP: 0/30
 45872 | Vaults:5 | Received a gift from Okawaru
 45879 | Vaults:5 | Noticed relicbr's illusion
 45889 | Vaults:5 | Noticed relicbr's illusion
 46041 | Vaults:5 | Identified the +9 plate armour "Caquont" {Int+2 Stlth+}
 46048 | Vaults:5 | Noticed relicbr's illusion
 46076 | Vaults:5 | Killed Mara
 46119 | Vaults:5 | Got a silver rune of Zot
 46120 | Vaults:5 | Identified the Disquisition on Enchantment
 46206 | Vaults:5 | Got a crude flail {god gift}
 46207 | Vaults:5 | Identified the +1 flail "Xec Kaox" {freeze, rPois rF++ MR+
                  | Int-4 SInv} (Okawaru gifted it to you on level 5 of the
                  | Vaults)
 46520 | Vaults:5 | Got a faintly glowing bronze amulet
 46522 | Vaults:5 | Identified the amulet of Toin {Inacc rPois} (You found it
                  | on level 5 of the Vaults)
 46781 | Vaults:5 | Received a gift from Okawaru
 46805 | Vaults:5 | Found Diyrotwa's Assorted Antiques.
 46813 | Vaults:5 | Bought a large steel amulet for 220 gold pieces
 47721 | Depths:1 | Bought the ring of Moodiness {Wiz +Inv rElec rC++ Str-4}
                  | for 1141 gold pieces
 47721 | Depths:1 | Bought an uncursed ring of protection from magic for 475
                  | gold pieces
 48113 | Elf:1    | Entered Level 1 of the Elven Halls
 48140 | Elf:1    | Noticed Aizul
 48141 | Elf:1    | Noticed Agnes
 48165 | Elf:1    | Killed Aizul
 48165 | Elf:1    | Received a gift from Okawaru
 48174 | Elf:1    | Killed Agnes
 48433 | Elf:1    | Received a gift from Okawaru
 48484 | Elf:1    | Reached skill level 15 in Dodging
 48513 | Elf:1    | Got a crystal demon whip {god gift}
 48514 | Elf:1    | Identified the +4 demon whip of Chagrin {freeze, rElec rF++
                  | Str+2 Dex-2} (Okawaru gifted it to you on level 1 of the
                  | Elven Halls)
 49034 | Elf:1    | You fall into a shaft and drop 1 floor!
 49310 | Elf:2    | Found a runed translucent gate.
 49310 | Elf:2    | Found a runed translucent gate.
 49311 | Elf:2    | Found a runed translucent gate.
 49435 | Elf:2    | Received a gift from Okawaru
 49941 | Elf:1    | Found Nemogh's General Store.
 49949 | Elf:1    | Bought the +1 pair of gloves of the Vestibule of Hell {rF+}
                  | for 305 gold pieces
 50037 | Elf:3    | Entered Level 3 of the Elven Halls
 50156 | Elf:3    | Found a runed translucent gate.
 50157 | Elf:3    | Found a runed translucent gate.
 50158 | Elf:3    | Found a runed translucent gate.
 50160 | Elf:3    | Noticed brasw1bg's ghost (adept OgTm)
 50181 | Elf:3    | Killed brasw1bg's ghost
 50503 | Elf:3    | Reached XP level 25. HP: 221/237 MP: 23/30
 50581 | Elf:3    | Received a gift from Okawaru
 50886 | Elf:3    | Received a gift from Okawaru
 50997 | Elf:3    | Found the +3 salamander hide armour {+Rage rF++}
 51048 | Elf:3    | Identified Ilarom's Disquisition on Fetching Moulding
 51133 | Elf:3    | Got a slimy copper ring
 51417 | Elf:3    | Identified the ring "Guopt" {rC+ Int+5 Dex+2 Slay+3} (You
                  | found it on level 3 of the Elven Halls)
 52174 | Depths:1 | Bought a potion of mutation for 144 gold pieces
 52411 | Slime:1  | Entered Level 1 of the Pits of Slime
 53490 | Slime:2  | Gained mutation: You occasionally shout uncontrollably at
                  | your foes. [a shining eye]
 53492 | Slime:2  | Gained mutation: Scrolls take you a little longer to read.
                  | [a shining eye]
 53492 | Slime:2  | Gained mutation: You are clumsy. (Dex -2) [a shining eye]
 53500 | Slime:2  | Gained mutation: You sometimes yell uncontrollably at your
                  | foes. [a shining eye]
 53824 | Slime:3  | Reached skill level 1 in Evocations
 54177 | Slime:4  | Gained mutation: You are weak. (Str -2) [a shining eye]
 54178 | Slime:4  | Gained mutation: Your magical capacity is low. (-10% MP) [a
                  | shining eye]
 54243 | Slime:4  | Gained mutation: Your spells are easier to cast, but less
                  | powerful. [a shining eye]
 54245 | Slime:4  | Gained mutation: Your magical capacity is very low. (-20%
                  | MP) [a shining eye]
 54249 | Slime:4  | Gained mutation: Potions are less effective at restoring
                  | your health. [a shining eye]
 54532 | Slime:5  | Entered Level 5 of the Pits of Slime
 54562 | Slime:5  | Reached skill level 5 in Evocations
 54563 | Slime:5  | Noticed the Royal Jelly
 54581 | Slime:5  | Killed the Royal Jelly
 54864 | Slime:5  | Received a gift from Okawaru
 55074 | Slime:5  | Got a slimy rune of Zot
 55104 | Slime:5  | Received a gift from Okawaru
 55221 | Slime:5  | Gained mutation: Armour fits poorly on your strangely
                  | shaped body. [a shining eye]
 55223 | Slime:5  | Gained mutation: You are very weak. (Str -4) [a shining
                  | eye]
 55287 | Slime:5  | Received a gift from Okawaru
 55480 | Slime:4  | Noticed Dissolution
 55489 | Slime:5  | Paralysed by a floating eye for 2 turns
 55497 | Slime:5  | Killed Dissolution
 55497 | Slime:5  | Reached skill level 10 in Evocations
 55536 | Slime:4  | Reached XP level 26. HP: 210/246 MP: 21/24
 55797 | Lair:2   | Lost mutation: Your magical capacity is very low. (-20% MP)
                  | [potion of mutation]
 55797 | Lair:2   | Lost mutation: You sometimes yell uncontrollably at your
                  | foes. [potion of mutation]
 55797 | Lair:2   | Lost mutation: You occasionally shout uncontrollably at
                  | your foes. [potion of mutation]
 55797 | Lair:2   | Lost mutation: You are clumsy. (Dex -2) [potion of
                  | mutation]
 55797 | Lair:2   | Gained mutation: You are resistant to hostile enchantments.
                  | (MR+) [potion of mutation]
 55798 | Lair:2   | Lost mutation: Potions are less effective at restoring your
                  | health. [potion of mutation]
 55798 | Lair:2   | Lost mutation: You are resistant to hostile enchantments.
                  | (MR+) [potion of mutation]
 55798 | Lair:2   | Lost mutation: You have a pair of large horns on your head.
                  | [potion of mutation]
 55798 | Lair:2   | Lost mutation: Your magical capacity is low. (-10% MP)
                  | [potion of mutation]
 55798 | Lair:2   | Gained mutation: You possess an exceptional clarity of
                  | mind. [potion of mutation]
 55799 | Lair:2   | Lost mutation: You possess an exceptional clarity of mind.
                  | [potion of mutation]
 55799 | Lair:2   | Lost mutation: Scrolls take you a little longer to read.
                  | [potion of mutation]
 55799 | Lair:2   | Lost mutation: You are very weak. (Str -4) [potion of
                  | mutation]
 55799 | Lair:2   | Gained mutation: You possess an exceptional clarity of
                  | mind. [potion of mutation]
 55799 | Lair:2   | Lost mutation: Your spells are easier to cast, but less
                  | powerful. [potion of mutation]
 55799 | Lair:2   | Gained mutation: You have supernaturally acute eyesight.
                  | (SInv) [potion of mutation]
 55800 | Lair:2   | Lost mutation: Your spells are a little easier to cast, but
                  | a little less powerful. [potion of mutation]
 55800 | Lair:2   | Lost mutation: Your mind is acute. (Int +2) [potion of
                  | mutation]
 55800 | Lair:2   | Lost mutation: You possess an exceptional clarity of mind.
                  | [potion of mutation]
 55800 | Lair:2   | Lost mutation: Armour fits poorly on your strangely shaped
                  | body. [potion of mutation]
 55800 | Lair:2   | Gained mutation: You are somewhat resistant to further
                  | mutation. [potion of mutation]
 55800 | Lair:2   | Gained mutation: You have a somewhat thin skeletal
                  | structure. (Dex +2, Stealth) [potion of mutation]
 55955 | Bazaar   | Entered a bazaar
 55955 | Bazaar   | Found Adaqowk's Food Shoppe.
 55955 | Bazaar   | Found Rakhyil's Assorted Antiques.
 55959 | Bazaar   | Found Ceor's Distillery.
 55967 | Bazaar   | Bought a potion of curing for 42 gold pieces
 55967 | Bazaar   | Bought a potion of haste for 140 gold pieces
 55967 | Bazaar   | Bought a potion of heal wounds for 70 gold pieces
 55967 | Bazaar   | Bought a potion of curing for 42 gold pieces
 55973 | Bazaar   | Found Oluwud's Armour Emporium.
 55977 | Bazaar   | Bought a potion of curing for 72 gold pieces
 55977 | Bazaar   | Bought a potion of heal wounds for 120 gold pieces
 56583 | Vaults:3 | Bought the +7 great mace "Firestarter" {inner flame, rF++}
                  | for 1922 gold pieces
 56583 | Vaults:3 | Found the +7 great mace "Firestarter" {inner flame, rF++}
 56952 | Zot:1    | Entered Level 1 of the Realm of Zot
 57003 | Depths:5 | Received a gift from Okawaru
 57003 | Depths:5 | Reached skill level 22 in Fighting
 57004 | Depths:5 | Got a transparent large shield {god gift}
 57258 | Depths:5 | Identified the +0 large shield "Mirghawn" {Int+4} (Okawaru
                  | gifted it to you on level 5 of the Depths)
 57503 | Zot:1    | Identified the +4 dragonskin cloak
 57503 | Zot:1    | Noticed Tiamat
 57565 | Zot:1    | Killed Tiamat
 57640 | Zot:1    | You fall into a shaft and drop 1 floor!
 57737 | Zot:1    | Reached skill level 23 in Fighting
 58119 | Zot:2    | Received a gift from Okawaru
 58254 | Zot:2    | Found a sacrificial altar of Ru.
 58399 | Zot:2    | Received a gift from Okawaru
 58687 | Zot:3    | Reached skill level 24 in Fighting
 59109 | Zot:3    | Reached XP level 27. HP: 262/264 MP: 30/30
 59122 | Zot:3    | Reached skill level 25 in Fighting
 59521 | Zot:4    | Received a gift from Okawaru
 59525 | Zot:4    | Reached skill level 26 in Fighting
 61114 | Temple   | Fell from the grace of Okawaru
 61114 | Temple   | Became a worshipper of the Shining One
 61458 | Crypt:1  | Entered Level 1 of the Crypt
 61476 | Crypt:1  | Reached skill level 27 in Fighting
 61513 | Crypt:1  | Reached * piety under the Shining One
 61583 | Crypt:1  | Got a pair of smoking boots
 61594 | Crypt:1  | Identified the +0 pair of boots "Mulaaph" {Dex+2} (You
                  | found it on level 1 of the Crypt)
 61632 | Crypt:1  | Reached ** piety under the Shining One
 61737 | Crypt:1  | Reached *** piety under the Shining One
 62259 | Crypt:2  | Noticed Margery
 62272 | Crypt:2  | Killed Margery
 62273 | Crypt:2  | Reached **** piety under the Shining One
 62655 | Crypt:2  | Noticed Jory
 62655 | Crypt:2  | Reached ***** piety under the Shining One
 62672 | Crypt:2  | Killed Jory
 63007 | Crypt:3  | Entered Level 3 of the Crypt
 63202 | Crypt:3  | Reached ****** piety under the Shining One
 64236 | Temple   | Identified a +9 sacred scourge of holy wrath (a +9 demon
                  | whip of draining blessed by the Shining One)
 64236 | Temple   | Received a gift from the Shining One
 65177 | Crypt:3  | Found a staircase to the Tomb.
 65179 | Crypt:3  | Noticed an ancient lich
 65185 | Crypt:3  | Killed an ancient lich
 65188 | Crypt:3  | Noticed an ancient lich
 65197 | Crypt:3  | Killed an ancient lich
 65250 | Crypt:3  | Noticed an ancient lich
 65256 | Crypt:3  | Killed an ancient lich
 65553 | Crypt:3  | Noticed an ancient lich
 65575 | Crypt:3  | Killed an ancient lich
 66567 | Hell     | Entered the Vestibule of Hell
 66567 | Hell     | Noticed Geryon
 66639 | Hell     | Killed Geryon
 66888 | Hell     | Found a gateway to the ashen valley of Gehenna.
 67030 | Hell     | Found a gateway to the Iron City of Dis.
 67130 | Hell     | Found a gateway to the freezing wastes of Cocytus.
 67185 | Hell     | Found a gateway to the decaying netherworld of Tartarus.
 67324 | Dis:1    | Entered Level 1 of the Iron City of Dis
 67675 | Dis:3    | Slain by an ettin zombie

Levels and vault maps discovered:
D:1:      saegor_arrival_miasma, layout_basic
D:2:      layout_loops_cross, uniq_robin
D:3:      layout_basic, first_ration, serial_curves, eino_curves_02,
          eino_curves_01, hangedman_decor_growths, lemuel_statue_altar,
          uniq_crazy_yiuf_cottage
D:4:      corexii_shack_village, layout_rooms, hangedman_abyss_or_decor_passed,
          fedhas_bush_and_centaur_altar, uniq_eustachio, uniq_edmund
D:5:      layout_rooms, kennysheep_slug_shrine, uniq_prince_ribbit1,
          uniq_menkaure, uniq_sigmund
D:6:      layout_rooms, temple_pool_b, nicolae_ru_great_annihilating_truth,
          uniq_duvessa
D:7:      layout_gridville, serial_bayou, serial_bayou_lagoon_b,
          serial_bayou_lagoon_a, serial_bayou_pond_e, serial_bayou_ford_a,
          grunt_ogre_cave, minmay_fractal_squares_diagonal_5
D:8:      layout_basic, serial_shops, shop, xom_confusion_cloud, uniq_psyche
D:9:      layout_loops_corners, orc_0_dummy, hangedman_decor_slide_cut
D:10:     layout_grid_maze
D:11:     giant_chief_lemuel, layout_long_grid, erik_lair_orcish_takeover
D:12:     layout_small_grid
D:13:     minmay_the_grid_3x2 [minmay_the_grid_broken_lines,
          minmay_the_grid_aliased_spiral, minmay_the_grid_dragon_b,
          minmay_the_grid_minigrid_large, minmay_the_grid_paths,
          minmay_the_grid_prize_four_corners_diamond_a], layout_basic,
          basic_altar, uniq_azrael
D:14:     layout_loops_cross, david_vaults_4, serial_shops,
          nicolae_shop_behind_doors, portal_ice_cave_entry_pillars_2,
          nicolae_dithmenos_through_a_glass_darkly, uniq_jorgrun, uniq_snorg
D:15:     grunt_enter_depths_giant_problem, layout_small_grid, abandoned_shop,
          uniq_kirke
Temple:   nicolae_temple_the_god_donut
Lair:1:   layout_loops_ring, serial_bayou_shore_b
Lair:2:   layout_small_grid, minmay_shoals_entry_hut, uniq_gastronok
Lair:3:   layout_long_grid, st_stairs_9, pond, infiniplex_staircase_pool,
          uniq_fannar, uniq_rupert
Lair:4:   layout_loops_ring, spider_nest_entry_a, basic_altar, uniq_sonja
Lair:5:   gammafunk_lair_enchanted_lake, layout_layer_cave, roderic_batcave,
          hibernation_bobbens, uniq_nessos
Lair:6:   gammafunk_lair_ancient_temple, layout_layer_cave, slime_altar_1,
          ebering_ghost_rock_garden, serial_bayou_shore_b
Shoals:1: layout_shoals, ebering_ghost_disaster_area, uniq_nikola
Shoals:2: layout_shoals, gammafunk_ghost_cemetery,
          nicolae_shoals_arrival_archipelago
Shoals:3: layout_shoals, nicolae_shoals_water_shrine
Shoals:4: shoals_end_hangedman, layout_shoals, shoal_ilsuiw
Spider:1: layout_spider_delve
Spider:2: layout_chambers, drop_trap, worms_lemuel
Spider:3: layout_spider_delve, gammafunk_ghost_berserking_beasts,
          nicolae_looking_at_the_future
Spider:4: grunt_spider_rune_circles, uniq_arachne
Slime:1:  nicolae_slime_jelly_donut, layout_caves
Slime:2:  layout_caves
Slime:3:  layout_caves
Slime:4:  layout_caves, uniq_dissolution
Slime:5
Orc:1:    layout_caves
Orc:2:    st_orc_pillars, layout_diamond_mine, serial_shops, bzr_entry_safe,
          basic_altar
Elf:1:    elf_arrival_001, layout_loops_corners, serial_shops, shop,
          special_room [special_room_mythical_zoo], minmay_elf_crystal_hexagon,
          uniq_agnes, uniq_aizul
Elf:2:    layout_geoelf_octagon
Elf:3:    minmay_elf_hall_dome, layout_loops_cross, ebering_ghost_rock_garden,
          due_unseen_surprise
Vaults:1: vaults_standard_mumra_enter_the_diamond,
          nicolae_vaults_bisected_inception, v_misc_8, st_more_cells, v_misc_9,
          nicolae_vaults_twisting_passages, hangedman_vaults_capsules,
          ontoclasm_vaults_spin, vaults_room_stairs_pillars, vaults_room_pool,
          vaults_dpeg_diagonal, nicolae_vaults_specimen_jars, v_alt_pattern_2,
          layout_vaults_omnicross, uniq_saint_roka
Vaults:2: nicolae_vaults_what_the_h, ontoclasm_vaults_loading_screen,
          kb_rosetta, minmay_crypt_entry_necro_gods,
          hangedman_vaults_restitches, v_pattern_5, vaults_room_corners,
          nicolae_vaults_back_hallway, hangedman_vaults_trim, v_misc_13,
          vaults_dpeg_hooks, layout_vaults_chaotic_city, serial_shops,
          nicolae_shop_temple_entry_statues_fountains
Vaults:3: v_misc_9, hangedman_vaults_stretched_pinwheel, v_misc_28, v_misc_3,
          vaults_mumra_minichess_inversion, vaults_room_pools, st_diamondy,
          grunt_vaults_hallway_short, vaults_room_grid, vaults_dpeg_cross,
          v_misc_14, hangedman_vaults_snaps, v_misc_8, nicolae_vaults_little_ls,
          layout_vaults_maze_snakey, serial_shops, shop, shop,
          nicolae_shop_trees
Vaults:4: hangedman_vaults_stream, nicolae_vaults_ninety_degrees, v_misc_9,
          vaults_dpeg_doors, v_misc_9, vaults_room_hallway,
          hangedman_vaults_locks, vaults_dpeg_ring, vaults_dpeg_spiral,
          vaults_dpeg_encased_lava, ontoclasm_vaults_ligature,
          ontoclasm_vaults_pinch, hangedman_vaults_trim, layout_vaults_ring,
          serial_shops, shop_statue
Vaults:5: uniq_mennas, uniq_mara
Crypt:1:  lemuel_upstairs_altar, layout_chaotic_city, minmay_misc_feat_rows
Crypt:2:  layout_misc_corridors, minmay_misc_feat_ornament, uniq_margery,
          uniq_jory
Crypt:3:  quadcrypt_mu
Depths:1: layout_gridlike, abyss_entry_flame_altar, pan_entry, serial_aquarium,
          aquarium_bridge_square [aquarium_subvault_bridge,
          aquarium_subvault_bridge, aquarium_subvault_wall,
          aquarium_subvault_wall], aquarium_window_3, aquarium_window_2,
          aquarium_view_2c, aquarium_balcony_5a, aquarium_pool_four,
          pf_hell_entry_great_geh, nicolae_transmutations_shop,
          minmay_misc_feat_chi, kennysheep_cross_bottleneck,
          chequers_serial_rivers_micro_e, nemelex_xobeh_ov_fountains_minmay,
          minmay_shop_grove
Depths:2: minmay_angry_zag, layout_basic, hangedman_coc_ice_floe, minmay_holes,
          minmay_staircase_statues, uniq_asterion
Depths:3: minmay_two_paths, layout_cave_pools, enter_ziggurat_d,
          hangedman_abyss_or_decor_stabs, hell_entry, pan_entry,
          infiniplex_staircase_star
Depths:4: wad_arrow_thing, layout_basic, lightli_too_deep, abyss_entry,
          uniq_enchantress, uniq_sojobo
Depths:5: grunt_zot_entry_hairpin, layout_honeycomb, abyss_entry,
          pf_hell_entry_tar_river, chequers_serial_rivers_micro_b, enter_trove_5
Hell
Dis:1:    layout_regular_city
Dis:2:    layout_jigsaw
Dis:3:    layout_subdivisions, nicolae_dis_strange_trophy_room, evilmike_ambush
          [evilmike_ambush_outer_corners, evilmike_ambush_inner_basic]
Zot:1:    layout_onion_interference, uniq_tiamat
Zot:2:    layout_misc_corridors, basic_altar, drop_trap,
          kennysheep_underground_church
Zot:3:    layout_basic
Zot:4:    layout_cathedral_of_symmetry

Skill      XL: |  1  2  3  4  5  6  7  8  9 10 11 12 13 14 15 16 17 18 19 20 21 22 23 24 25 26 27 |
---------------+----------------------------------------------------------------------------------+-----
Maces & Flails | 3 4 5 6 8 9 11 12 13 14 15 18 19 20 | 20.6
Fighting       | 8 10 12 16 19 21 24 27 | 27.0
Armour         | 8 10 16 20 23 25 | 25.3
Dodging        | 7 12 17 19 24 | 24.7
Shields        | 6 12 15 18 22 24 25 | 25.0
Invocations    | 6 11 | 11.1
Crossbows      | 8 |  8.4
Evocations     | 10 | 10.3

Action                   |  1- 3 |  4- 6 |  7- 9 | 10-12 | 13-15 | 16-18 | 19-21 | 22-24 | 25-27 || total
-------------------------+-------+-------+-------+-------+-------+-------+-------+-------+-------++-------
Melee: Flail             |   110 |   113 |       |    61 |  1327 |   412 |       |    43 |   563 ||  2629
       Headbutt          |    15 |    21 |   104 |   304 |   408 |   558 |   748 |   693 |  1179 ||  4030
       Dire flail        |       |    11 |    25 |       |       |       |       |       |       ||    36
       Whip              |       |       |   384 |   755 |    90 |    27 |   137 |    81 |       ||  1474
       Demon whip        |       |       |       |       |       |  1333 |  1706 |  1736 |  1536 ||  6311
       Great mace        |       |       |       |       |       |       |       |       |    38 ||    38
       Sacred scourge    |       |       |       |       |       |       |       |       |   691 ||   691
 Fire: Hand crossbow     |       |       |       |       |       |       |       |    25 |       ||    25
Invok: Heroism           |       |       |     2 |    19 |    28 |    24 |    22 |    16 |    16 ||   127
       Finesse           |       |       |       |     3 |    13 |    13 |    17 |    15 |    12 ||    73
       Divine Shield     |       |       |       |       |       |       |       |       |     4 ||     4
       Summon Divine War |       |       |       |       |       |       |       |       |     3 ||     3
       Brand Weapon With |       |       |       |       |       |       |       |       |     1 ||     1
 Abil: Evoke Invisibilit |       |       |       |       |       |       |       |       |     1 ||     1
       Evoke Flight      |       |       |       |       |       |       |       |       |     1 ||     1
Evoke: Wand              |       |       |       |       |     5 |       |     1 |     2 |    10 ||    18
       Box of beasts     |       |       |       |       |       |       |     2 |       |       ||     2
       Phantom mirror    |       |       |       |       |       |       |       |       |     1 ||     1
  Use: Scroll            |     2 |     5 |     6 |     5 |    14 |    16 |     5 |     6 |    20 ||    79
       Potion            |       |     2 |     5 |       |     4 |     2 |     3 |     8 |    12 ||    36
 Stab: Petrified         |       |       |       |       |     4 |       |       |       |       ||     4
       Distracted        |       |       |       |       |       |     1 |     1 |       |       ||     2
       Confused          |       |       |       |       |       |       |       |       |     2 ||     2
  Eat: Chunk             |       |     3 |    13 |    19 |    28 |    21 |    19 |    18 |    11 ||   132
       Ration            |       |     1 |       |       |     3 |     2 |     2 |     4 |    14 ||    26
Armor: Chain mail        |    60 |    62 |   137 |   149 |   234 |    86 |       |       |       ||   728
       Ring mail         |       |       |       |       |    10 |       |       |       |       ||    10
       Crystal plate arm |       |       |       |       |       |    86 |   167 |   208 |   417 ||   878
       Gold dragon scale |       |       |       |       |       |       |       |       |    74 ||    74
Dodge: Dodged            |    28 |    21 |    46 |   236 |   429 |   300 |   207 |   293 |   748 ||  2308
       Deflected         |       |       |       |       |       |    31 |    29 |    20 |    20 ||   100
Block: Shield            |    58 |    65 |   142 |   351 |   777 |       |       |    52 |   109 ||  1554
       Large shield      |       |       |       |       |    87 |  1999 |  1506 |  1808 |  2738 ||  8138
       Buckler           |       |       |       |       |    10 |       |       |       |       ||    10

Table legend:
 A = Non-vault XP
 B = Vault XP
 C = Vault XP percentage of total XP
 D = Non-vault monster count
 E = Vault monster count
 F = Vault count percentage of total count
                 A         B        C        D         E       F
            +---------+---------+-------+---------+---------+-------
      Total | 1033993 |  802814 |  43.7 |    1903 |     966 |  33.7
            +---------+---------+-------+---------+---------+-------
        D:1 |      40 |       0 |   0.0 |      24 |       0 |   0.0
        D:2 |      77 |      37 |  32.5 |      30 |      12 |  28.6
        D:3 |      98 |      41 |  29.5 |      15 |       1 |   6.2
        D:4 |      38 |     493 |  92.8 |       3 |      13 |  81.2
        D:5 |     895 |     682 |  43.2 |      19 |       4 |  17.4
        D:6 |    1001 |     272 |  21.4 |      30 |       6 |  16.7
        D:7 |    2202 |     490 |  18.2 |      29 |       7 |  19.4
        D:8 |    2010 |     775 |  27.8 |      22 |       5 |  18.5
        D:9 |    2258 |       0 |   0.0 |      38 |       0 |   0.0
       D:10 |    2994 |       0 |   0.0 |      22 |       0 |   0.0
       D:11 |    3493 |   15804 |  81.9 |      26 |      35 |  57.4
       D:12 |    5470 |       0 |   0.0 |      40 |       0 |   0.0
       D:13 |    8405 |   10220 |  54.9 |      53 |      27 |  33.8
       D:14 |    7610 |    5987 |  44.0 |      15 |       5 |  25.0
       D:15 |   11826 |    4494 |  27.5 |      23 |       5 |  17.9
     Lair:1 |    4207 |       0 |   0.0 |      17 |       0 |   0.0
     Lair:2 |    1976 |    2602 |  56.8 |      10 |       2 |  16.7
     Lair:3 |    4260 |    4564 |  51.7 |      15 |      11 |  42.3
     Lair:4 |    1281 |     440 |  25.6 |       5 |       2 |  28.6
     Lair:5 |    6411 |    6320 |  49.6 |      27 |      19 |  41.3
     Lair:6 |   12874 |   10220 |  44.3 |      35 |      24 |  40.7
   Shoals:1 |   14785 |    5677 |  27.7 |      33 |       2 |   5.7
   Shoals:2 |    8050 |       0 |   0.0 |      20 |       0 |   0.0
   Shoals:3 |   21386 |    4045 |  15.9 |      44 |       8 |  15.4
   Shoals:4 |   15471 |   23022 |  59.8 |      29 |      30 |  50.8
   Spider:1 |   12757 |       0 |   0.0 |      38 |       0 |   0.0
   Spider:2 |   13211 |    5375 |  28.9 |      37 |      19 |  33.9
   Spider:3 |   17371 |    8309 |  32.4 |      49 |      26 |  34.7
   Spider:4 |   17109 |   25492 |  59.8 |      54 |      38 |  41.3
    Slime:1 |   15310 |     375 |   2.4 |      32 |       9 |  22.0
    Slime:2 |   11403 |       0 |   0.0 |      31 |       0 |   0.0
    Slime:3 |    6943 |       0 |   0.0 |      18 |       0 |   0.0
    Slime:4 |   18182 |       0 |   0.0 |      28 |       0 |   0.0
    Slime:5 |   18917 |   54098 |  74.1 |      38 |      14 |  26.9
      Orc:1 |    2016 |       0 |   0.0 |      34 |       0 |   0.0
      Orc:2 |    6055 |    9976 |  62.2 |      55 |      60 |  52.2
      Elf:1 |   11003 |   32785 |  74.9 |      19 |      37 |  66.1
      Elf:2 |   13159 |   24219 |  64.8 |      24 |      29 |  54.7
      Elf:3 |   14178 |   47223 |  76.9 |      23 |      32 |  58.2
   Vaults:1 |   35008 |   25309 |  42.0 |      57 |      44 |  43.6
   Vaults:2 |   22442 |   22798 |  50.4 |      37 |      32 |  46.4
   Vaults:3 |   26121 |   21325 |  44.9 |      44 |      23 |  34.3
   Vaults:4 |   46427 |   25778 |  35.7 |      67 |      29 |  30.2
   Vaults:5 |   57283 |  121282 |  67.9 |      72 |      80 |  52.6
    Crypt:1 |   36327 |       0 |   0.0 |      46 |       0 |   0.0
    Crypt:2 |   19929 |   13703 |  40.7 |      32 |       9 |  22.0
    Crypt:3 |       0 |   75981 | 100.0 |       0 |      79 | 100.0
   Depths:1 |   40326 |       0 |   0.0 |      44 |       0 |   0.0
   Depths:2 |   25058 |   11300 |  31.1 |      46 |       7 |  13.2
   Depths:3 |   29925 |   38537 |  56.3 |      50 |      18 |  26.5
   Depths:4 |   28943 |   36639 |  55.9 |      37 |      24 |  39.3
   Depths:5 |   55156 |   26491 |  32.4 |      45 |      25 |  35.7
       Hell |   29646 |   38953 |  56.8 |      49 |      59 |  54.6
      Dis:1 |    1480 |       0 |   0.0 |       4 |       0 |   0.0
      Dis:2 |   22811 |       0 |   0.0 |      30 |       0 |   0.0
      Dis:3 |       0 |    1194 | 100.0 |       0 |       6 | 100.0
      Zot:1 |   63718 |   26261 |  29.2 |      37 |      14 |  27.5
      Zot:2 |   30685 |    7699 |  20.1 |      16 |       6 |  27.3
      Zot:3 |   64703 |       0 |   0.0 |      40 |       0 |   0.0
      Zot:4 |   81273 |       0 |   0.0 |      46 |       0 |   0.0
      IceCv |       0 |    5527 | 100.0 |       0 |      29 | 100.0
            +---------+---------+-------+---------+---------+-------
